 Dungeon Crawl Stone Soup version 0.31-a0-115-g4708a659fe (webtiles) character file.

Game seed: 4127725736493179633

1915 MackTheKnife the Fighter (level 8, 0/74 HPs)
             Began as a Purple Draconian Gladiator on May 29, 2023.
             Was a Follower of Yredelemnul.
             Succumbed to a killer bee's poison
             ... on level 7 of the Dungeon.
             The game lasted 00:13:05 (7267 turns).

MackTheKnife the Fighter (DrGl)                     Turns: 7267, Time: 00:13:06

Health: 0/74       AC:  7    Str: 20    XL:     8   Next: 95%
Magic:  8/8        EV: 13    Int:  8    God:    Yredelemnul [*.....]
Gold:   452        SH:  8    Dex: 16    Spells: 7/7 levels left

rFire   . . .        f - +0 dagger (flame) {short}
rCold   . . .        j - +3 buckler "Zueps" {rElec Dex+2}
rNeg    . . .        (body armour unavailable)
rPois   .            b - +0 hat
rElec   +            (no cloak)
rCorr   .            m - +0 pair of gloves
SInv    .            (no boots)
Will    +....        (no amulet)
Stlth   +            n - ring of flight
HPRegen 0.32/turn    (no ring)
MPRegen 0.11/turn

%: no passive effects
@: mighty, lethally poisoned (0 -> -12), flying
A: breathe power, AC +6, unfitting armour, cold-blooded, strong 1
a: Breathe Dispelling Energy, Renounce Religion, Recall Undead Harvest


You were on level 7 of the Dungeon.
You worshipped Yredelemnul.
Yredelemnul was noncommittal.
You visited 2 branches of the dungeon, and saw 8 of its levels.

You collected 452 gold pieces.


Innate Abilities, Weirdness & Mutations

You can breathe bolts of dispelling energy.
Your rich purple scales are hard. (AC +6)
You cannot fit into any form of body armour.
You are cold-blooded and may be slowed by cold attacks.
Your muscles are strong. (Str +4, Int/Dex -1)


   Skills:
 + Level 8.1 Fighting
 + Level 7.6 Short Blades
 - Level 1.7 Throwing
 - Level 3.4 Dodging
 - Level 5.3 Shields


You had 7 spell levels left.
You didn't know any spells.
Your spell library contained the following spells:

 Spells                   Type           Power      Damage    Failure   Level
 Cigotuvi's Dreadful Rot  Necr/Pois/Air  0%         N/A       63%         2
 Call Canine Familiar     Summ           0%         N/A       85%         3
 Ignite Poison            Fire/Tmut/Pois 0%         N/A       85%         3
 Portal Projectile        Hex/Tloc       0%         N/A       85%         3
 Leda's Liquefaction      Hex/Erth       0%         N/A       99%         4
 Freezing Cloud           Conj/Ice/Air   0%         6-21      100%        5

Inventory:

Hand Weapons
 a - a +0 rapier {short}
 f - a +0 dagger of flaming (weapon) {short}
   (You found it on level 7 of the Dungeon)
Missiles
 d - a javelin (quivered) {throwing}
 r - 6 poisoned darts {throwing}
Armour
 b - a +0 hat (worn)
 i - a +0 pair of boots
   (You found it on level 7 of the Dungeon)
 j - the +3 buckler "Zueps" (worn) {rElec Dex+2}
   (You acquired it on level 3 of the Dungeon)

   Dex:       It affects your dexterity (+2).
   rElec:     It insulates you from electricity.
 m - a +0 pair of gloves (worn)
   (You found it on level 3 of the Dungeon)
Jewellery
 h - a ring of fire
   (You found it on level 1 of the Dungeon)
 n - a ring of flight (left hand)
   (You found it on level 3 of the Dungeon)
 p - a ring of wizardry
   (You found it on level 5 of the Dungeon)
Wands
 o - a wand of iceblast (12)
   (You found it on level 7 of the Dungeon)
Scrolls
 g - a scroll of poison {!r}
 l - a scroll of magic mapping {!r}

Dungeon Overview and Level Annotations

Branches:
Dungeon (7/15) Zot: 25928  Temple (1/1) D:4 Zot: 5904

Altars:
Ashenzari
Cheibriados
Dithmenos
Elyvilon
Fedhas
Gozag
Hepliaklqana
Nemelex Xobeh
Okawaru
Qazlal
Ru
Trog
Uskayaw
Xom
Yredelemnul

Shops:
D:1 :[!*[

Annotations:
D:2 1 runed translucent door, Crazy Yiuf
D:4 Blork the orc, Grinder

#..........# #.....# #.#
#.##.......## #.....# #.#
...#........# #.....# #.#
##.#.#......# #...y.# #.#
............# #...Z.###.##
.....#......# ####b...#..####
.....#......# #.#........#
.....#......########.#..##.##.#
................@yZ........##.#
.....#...#'#...b.yZbb...#####.#
.........#.#..bb...bbb..# #.###
.....#...#.#............#####.#..
....#####.#..bb...bbb..#.......#
.. #.#...b.b.b....#.###.###
#.......b......#.# #.#
###............#.# #.#
####.#########.# #.#


You could see 2 killer bees and 2 friendly killer bee zombies.


Message History

You swap places.
You feel very sick.
The killer bee stings your killer bee zombie.
The killer bee closely misses your butterfly.
Your killer bee zombie barely misses the killer bee.
The killer bee stings something.
The killer bee stings your butterfly.
Your butterfly dies!
Your butterfly disappears in a burst of colours!
Your killer bee zombie hits the killer bee! 😮 HP[-3]
You take 3 damage, and now have 42/74 hp.
You swap places.
You feel sick.
The killer bee completely misses your butterfly.
The killer bee barely misses your butterfly.
The killer bee stings your butterfly.
Your butterfly dies!
Your butterfly disappears in a burst of colours!
The killer bee stings your butterfly!
Your butterfly dies!
Your butterfly disappears in a burst of colours! 😮 HP[-2]
You take 2 damage, and now have 40/74 hp.
You have got your breath back.
You feel sick.
The killer bee closely misses your butterfly.
You feel sick.
Something barely misses your killer bee zombie.
Your killer bee zombie barely misses the killer bee.
Something stings your killer bee zombie. 😮 HP[-2]
You take 2 damage, and now have 38/74 hp.
You hit the killer bee but do no damage.
The killer bee stings you but does no damage.
The killer bee barely misses you.
You hit the killer bee but do no damage.
You feel sick.
The killer bee barely misses your killer bee zombie.
The killer bee stings you!
* * * LOW HITPOINT WARNING * * *
You are more poisoned.
The killer bee poisons you! The killer bee stings you!
* * * LOW HITPOINT WARNING * * *
The killer bee closely misses you. The killer bee stings you.
* * * LOW HITPOINT WARNING * * *
You are more poisoned.
The killer bee poisons you!
Your killer bee zombie closely misses the killer bee. 😱 HP[-20]
You take 20 damage, and now have 18/74 hp.
MASSIVE DAMAGE!! (PAUSE)
Okay, then.
It was a potion of mutation.
You feel extremely strange.
You feel clumsy.
You feel stronger.
You feel agile.
* * * LOW HITPOINT WARNING * * *
You feel very sick.
The killer bee barely misses your killer bee zombie.
You block the killer bee's attack. x2
Your killer bee zombie completely misses the killer bee.
The killer bee barely misses your killer bee zombie.
The killer bee stings you.
* * * LOW HITPOINT WARNING * * *
You are more poisoned.
The killer bee poisons you! The killer bee misses you. 😱 HP[-8]
You take 8 damage, and now have 10/74 hp.
Unknown command.
You feel very mighty all of a sudden.
* * * LOW HITPOINT WARNING * * *
You feel very sick.
Your killer bee zombie misses the killer bee.
The killer bee stings your killer bee zombie.
The killer bee misses you. The killer bee barely misses you.
Your killer bee zombie closely misses the killer bee.
The killer bee stings your killer bee zombie.
The killer bee completely misses you.
You block the killer bee's attack. 😱 HP[-4]
You take 4 damage, and now have 6/74 hp.
Unknown command.
You miss the killer bee.
Your tail-slap misses the killer bee.
* * * LOW HITPOINT WARNING * * *
You feel very sick.
Your killer bee zombie hits the killer bee.
The killer bee dies!
The dead are flying!
You block the killer bee's attack. x2 😱 HP[-3]
You take 3 damage, and now have 3/74 hp.
Unknown command.
Okay, then.
You aren't carrying any potions.
Unknown command.
You closely miss the killer bee.
* * * LOW HITPOINT WARNING * * *
You feel sick.
Your killer bee zombie misses the killer bee.
The killer bee completely misses you.
The killer bee closely misses you. 😱 HP[-2]
You take 2 damage, and now have 1/74 hp.
You miss the killer bee.
You die...
Your body rises from the dead as a mindless zombie.

Skill      XL: |  1  2  3  4  5  6  7  8 |
---------------+-------------------------+-----
Short Blades   | 4 5 7 |  7.6
Fighting       | 3 4 6 8 |  8.1
Dodging        | 3 |  3.4
Shields        | 3 5 |  5.3
Throwing       | |  1.7

Action                     |  1- 3 |  4- 6 |  7- 9 || total
---------------------------+-------+-------+-------++-------
  Melee: Rapier            |   160 |   210 |   255 ||   625
         Tailslap          |    18 |    26 |    54 ||    98
         Punch             |     1 |       |       ||     1
         Unarmed           |       |     3 |       ||     3
         Dagger            |       |       |    14 ||    14
  Throw: Throwing net      |       |     3 |       ||     3
Ability: Breathe Dispellin |       |       |     3 ||     3
    Use: Scroll            |       |     6 |     8 ||    14
         Potion            |       |     3 |     5 ||     8
   Stab: Sleeping          |     2 |     1 |     1 ||     4
         Distracted        |       |     1 |     1 ||     2
         Held in net/web   |       |     1 |       ||     1
 Armour: Skin              |    41 |    52 |    53 ||   146
  Dodge: Dodged            |    96 |   110 |   133 ||   339
  Block: Buckler           |       |    55 |    87 ||   142

Levels and vault maps discovered:
D:1:      eino_arrival_water_cross, layout_loops_ring, serial_shops, shop_coins,
          shop, shop, shop, nicolae_shop_industrial_runoff, minmay_heptomino_l4
D:2:      layout_loops_ring, dk_noncrumbling_3, uniq_crazy_yiuf_cottage,
          uniq_robin
D:3:      layout_basic, nicolae_overflow_hidden_temple, nicolae_hexahallways,
          minivault_19, minmay_crystal_water
D:4:      layout_cave_pods, minmay_temple_entry_from_below_a, eino_tiny_chamber,
          chequers_arboretum, uniq_blork_the_orc, uniq_sigmund, uniq_grinder
D:5:      layout_loops_ring
D:6:      layout_basic, mainiacjoe_overflow_surrounded_room
D:7:      layout_basic, grunt_temple_overflow_order_and_chaos_2
Temple:   nicolae_temple_bog_church

Notes
Turn   | Place    | Note
-------+----------+-------------------------------------------
     0 | D:1      | MackTheKnife the Draconian Gladiator began the quest for
                  | the Orb.
     0 | D:1      | Reached XP level 1. HP: 17/17 MP: 1/1
     0 | D:1      | magus.rc [v1.9.6]
    34 | D:1      | Found Maema's Book Emporium.
    94 | D:1      | Found Ytoynn's Armour Shoppe.
   142 | D:1      | Reached XP level 2. HP: 24/24 MP: 2/2
   275 | D:1      | Found Xaplalek's Distillery.
   331 | D:1      | Reached skill level 4 in Short Blades
   509 | D:1      | Found Zimoun's Assorted Antiques.
   542 | D:1      | Reached XP level 3. HP: 29/30 MP: 3/3
   581 | D:1      | Found Nupp's Antique Armour Shop.
  1157 | D:2      | Reached skill level 3 in Fighting
  1517 | D:2      | Noticed Robin
  1541 | D:2      | Killed Robin
  1542 | D:2      | Reached skill level 3 in Dodging
  1542 | D:2      | Reached XP level 4. HP: 25/38 MP: 4/4
  1617 | D:2      | Found a runed translucent door.
  1618 | D:2      | Noticed Crazy Yiuf
  2036 | D:3      | Reached skill level 4 in Fighting
  2220 | D:3      | Identified a scroll of acquirement
  2226 | D:3      | Acquired the +3 buckler "Zueps" {rElec Dex+2}
  2284 | D:3      | Reached XP level 5. HP: 44/46 MP: 5/5
  2488 | D:3      | Reached skill level 1 in Shields
  2658 | D:3      | Found a sparkling altar of Nemelex Xobeh.
  2838 | D:4      | Found a staircase to the Ecumenical Temple.
  2868 | D:4      | Noticed Blork the orc
  3209 | D:4      | Reached skill level 2 in Shields
  3423 | D:4      | Noticed Grinder
  3455 | D:5      | Entered Level 5 of the Dungeon
  3488 | D:5      | Reached skill level 3 in Shields
  3488 | D:5      | Reached XP level 6. HP: 36/52 MP: 6/6
  3902 | D:5      | Noticed a water moccasin
  3925 | Temple   | Entered the Ecumenical Temple
  4006 | Temple   | Became a worshipper of Yredelemnul the Dark
  4055 | D:5      | Killed a water moccasin
  4056 | D:5      | Reached skill level 4 in Shields
  4243 | D:5      | Reached skill level 5 in Shields
  4293 | D:5      | Reached * piety under Yredelemnul
  4304 | D:5      | You pick up a book of the Hunter and begin reading...
  4304 | D:5      | You add the spells Call Canine Familiar, Portal Projectile
                  | and Leda's Liquefaction to your library.
  4357 | D:5      | Your scales start taking on a rich purple colour.
  4357 | D:5      | Reached XP level 7. HP: 59/59 MP: 7/7
  4886 | D:6      | Reached skill level 5 in Fighting
  4987 | D:6      | Reached skill level 5 in Short Blades
  5039 | D:6      | HP: 14/61 [orc warrior/+0 battleaxe (15)]
  5499 | D:6      | Noticed a wyvern
  5510 | D:6      | Killed a wyvern
  5511 | D:6      | Reached skill level 6 in Fighting
  5511 | D:6      | Reached XP level 8. HP: 66/70 MP: 8/8
  5607 | D:6      | Found a white marble altar of Elyvilon.
  5764 | D:6      | Reached skill level 6 in Short Blades
  5870 | D:6      | Reached ** piety under Yredelemnul
  6257 | D:7      | Reached skill level 7 in Fighting
  6529 | D:7      | HP: 15/73 [wraith (5)]
  6529 | D:7      | HP: 7/73 [wraith (8)]
  6902 | D:7      | Reached skill level 7 in Short Blades
  6958 | D:7      | You add the spells Cigotuvi's Dreadful Rot, Ignite Poison
                  | and Freezing Cloud to your library.
  7243 | D:7      | Reached skill level 8 in Fighting
  7262 | D:7      | HP: 18/74 [killer bee (3)]
  7263 | D:7      | Gained mutation: You are clumsy. (Dex -2) [potion of
                  | mutation]
  7263 | D:7      | Gained mutation: Your muscles are strong. (Str +4, Int/Dex
                  | -1) [potion of mutation]
  7263 | D:7      | Lost mutation: You are clumsy. (Dex -2) [potion of
                  | mutation]
  7264 | D:7      | HP: 6/74 [poisoned by a killer bee]
  7266 | D:7      | HP: 1/74 [poisoned by a killer bee]
  7267 | D:7      | Succumbed to a killer bee's poison

Vanquished Creatures
  A wyvern (D:6)
  A water moccasin (D:5)
  2 ice beasts (D:7)
  A black bear (D:6)
  A sky beast (D:6)
  A centaur (D:6)
  A phantom (D:6)
  3 scorpions
  2 killer bees (D:7)
  A howler monkey (D:6)
  A jelly (D:6)
  A hound (D:6)
  An orc priest (D:4)
  An iguana (D:6)
  2 orc wizards
  Robin (D:2)
  4 gnolls (D:6)
  8 adders
  A shadow imp (D:6)
  A white imp (D:7)
  2 ufetubi
  A worm (D:4)
  3 dart slugs
  14 orcs
  10 ball pythons
  3 bats
  5 endoplasms
  4 giant cockroaches
  21 goblins
  13 hobgoblins
  6 kobolds
  2 quokkas
  3 frilled lizards
  3 rats
125 creatures vanquished.

Vanquished Creatures (collateral kills)
  A wraith (D:7)
  A killer bee (D:7)
  2 orc priests (D:6)
  A gnoll bouda (D:6)
  3 iguanas (D:5)
  2 sleepcaps
  A gnoll (D:6)
  An orc (D:6)
12 creatures vanquished.

Vanquished Creatures (others)
  A centaur zombie (D:6)
  A scorpion zombie (D:7)
  A killer bee zombie (D:7)
  A howler monkey zombie (D:6)
  A jelly zombie (D:6)
  A spectral white imp (D:7)
  2 gnoll zombies (D:6)
  5 orc zombies (D:6)
  A spectral ufetubus (D:6)
14 creatures vanquished.

Grand Total: 151 creatures vanquished

Table legend:
 A = Non-vault XP
 B = Vault XP
 C = Vault XP percentage of total XP
 D = Non-vault monster count
 E = Vault monster count
 F = Vault count percentage of total count
                 A         B        C        D         E       F
            +---------+---------+-------+---------+---------+-------
      Total |    2694 |      43 |   1.6 |     121 |      16 |  11.7
            +---------+---------+-------+---------+---------+-------
        D:1 |      43 |       6 |  12.2 |      24 |       3 |  11.1
        D:2 |      29 |      37 |  56.1 |      15 |      13 |  46.4
        D:3 |     113 |       0 |   0.0 |      21 |       0 |   0.0
        D:4 |     118 |       0 |   0.0 |      14 |       0 |   0.0
        D:5 |     412 |       0 |   0.0 |       9 |       0 |   0.0
        D:6 |    1156 |       0 |   0.0 |      29 |       0 |   0.0
        D:7 |     823 |       0 |   0.0 |       9 |       0 |   0.0
            +---------+---------+-------+---------+---------+-------

Skill      XL: |  1  2  3  4  5  6  7  8 |
---------------+-------------------------+-----
Short Blades   | 4 5 7 |  7.6
Fighting       | 3 4 6 8 |  8.1
Dodging        | 3 |  3.4
Shields        | 3 5 |  5.3
Throwing       | |  1.7

Action                     |  1- 3 |  4- 6 |  7- 9 || total
---------------------------+-------+-------+-------++-------
  Melee: Rapier            |   160 |   210 |   255 ||   625
         Tailslap          |    18 |    26 |    54 ||    98
         Punch             |     1 |       |       ||     1
         Unarmed           |       |     3 |       ||     3
         Dagger            |       |       |    14 ||    14
  Throw: Throwing net      |       |     3 |       ||     3
Ability: Breathe Dispellin |       |       |     3 ||     3
    Use: Scroll            |       |     6 |     8 ||    14
         Potion            |       |     3 |     5 ||     8
   Stab: Sleeping          |     2 |     1 |     1 ||     4
         Distracted        |       |     1 |     1 ||     2
         Held in net/web   |       |     1 |       ||     1
 Armour: Skin              |    41 |    52 |    53 ||   146
  Dodge: Dodged            |    96 |   110 |   133 ||   339
  Block: Buckler           |       |    55 |    87 ||   142

Illustrated notes

Table legend:
 A = Kills in this place as a percentage of kills in the entire game.
 B = Kills by you in this place as a percentage of kills by you in the entire game.
 C = Kills by friends in this place as a percentage of kills by friends in the entire game.
 D = Other kills in this place as a percentage of other kills in the entire game.
 E = Experience gained in this place as a percentage of experience gained in the entire game.
 F = Experience gained in this place divided by the number of levels of this place that you have seen.
                   A       B       C       D       E      F
               +-------+-------+-------+-------+-------+----------------------
         Total | 100.0 | 100.0 | 100.0 |   N/A | 100.0 | 342.1
       Dungeon | 100.0 | 100.0 | 100.0 |   N/A | 100.0 | 391.0
               +-------+-------+-------+-------+-------+----------------------

Table legend: (Time is in decaauts)
 A = Elapsed time spent in this place.
 B = Non-inter-level travel time spent in this place.
 C = Inter-level travel time spent in this place.
 D = Time resting spent in this place.
 E = Time spent auto-exploring this place.
 F = Levels seen in this place.
 G = Mean time per level.
                   A        B        C        D        E       F      G
               +--------+--------+--------+--------+--------+-----+--------+
         Total |   7286 |   6823 |    463 |   1616 |   3447 |   8 |  910.8 |
       Dungeon |   7190 |   6741 |    449 |   1616 |   3447 |   7 | 1027.1 |
        Temple |     95 |     81 |     14 |      0 |      0 |   1 |   95.0 |
               +--------+--------+--------+--------+--------+-----+--------+

Top non-repeatable levels by time:
     D:6: 1511 daAuts
     D:5: 1486 daAuts
     D:2: 965 daAuts
     D:3: 952 daAuts
     D:1: 951 daAuts
     D:7: 691 daAuts
     D:4: 631 daAuts
  Temple: 95 daAuts
